 Seeded DCSS version 0.27.1-2-g3b301248ec (webtiles) character file.

Game seed: 14551798346683263451 (custom seed)

41 babuloseo the Slasher (level 3, 27/28 HPs)
             Began as a Human Gladiator on Sept 30, 2021.
             Quit the game on level 2 of the Dungeon.
             The game lasted 00:01:15 (1018 turns).

babuloseo the Slasher (Human Gladiator)             Turns: 1018, Time: 00:01:16

Health: 27/28      AC:  6    Str: 15    XL:     3   Next: 75%
Magic:  3/3        EV: 11    Int:  8    God:
Gold:   58         SH:  0    Dex: 14    Spells: 2/2 levels left

rFire    . . .     SeeInvis .   a - +0 long sword
rCold    . . .     Faith    .   (no shield)
rNeg     . . .     Spirit   .   h - +0 ring mail
rPois    .         Reflect  .   c - +0 helmet
rElec    .         Harm     .   (no cloak)
rCorr    .         Rampage  .   (no gloves)
Will     .....                  (no boots)
Stlth    +.........             (no amulet)
HPRegen  0.09/turn              (no ring)
MPRegen  0.08/turn              (no ring)

@: no status effects
A: no striking features
a: no special abilities


You were on level 2 of the Dungeon.
You visited 1 branch of the dungeon, and saw 2 of its levels.

You collected 58 gold pieces.

Inventory:

Hand Weapons
 a - a +0 long sword (weapon)
 f - a +2 dagger of venom
Missiles
 d - 2 throwing nets (quivered)
Armour
 b - a +0 leather armour
 c - a +0 helmet (worn)
 h - a +0 ring mail (worn)
Scrolls
 g - a scroll of magic mapping {unknown}
 i - a scroll of identify {unknown}
 j - a scroll of acquirement
Potions
 e - a potion of ambrosia {unknown}


   Skills:
 + Level 2.4 Fighting
 * Level 3.6 Long Blades
 + Level 2.4 Throwing
 + Level 3.3 Dodging


You had 2 spell levels left.
You didn't know any spells.
Your spell library contained the following spells:

 Spells                   Type           Power      Damage    Failure   Level
 Magic Dart               Conj           0%         1d3       65%         1
 Searing Ray              Conj           0%         3d3       78%         2
 Fulminant Prism          Conj/Hex       0%         3d6       100%        4


Dungeon Overview and Level Annotations

Branches:
Dungeon (2/15)

Altars:
Qazlal


Message History

You kill the hobgoblin!
The hobgoblin hits you.
You closely miss the hobgoblin.
You kill the hobgoblin!
The hobgoblin hits you but does no damage.
You hit the hobgoblin.
The hobgoblin is poisoned.
The hobgoblin is heavily wounded.
You closely miss the hobgoblin.
You kill the hobgoblin!
The hobgoblin hits you but does no damage. x2
You closely miss the hobgoblin. The hobgoblin closely misses you.
The hobgoblin misses you.
You hit the hobgoblin.
The hobgoblin is moderately wounded.
The hobgoblin hits you but does no damage.
You completely miss the hobgoblin.
The hobgoblin is moderately wounded.
The hobgoblin hits you but does no damage.
You hit the hobgoblin.
The hobgoblin is poisoned.
The hobgoblin is almost dead.
You kill the hobgoblin!
The hobgoblin completely misses you.
You see here a hobgoblin corpse.
The hobgoblin closely misses you.
You barely miss the hobgoblin. You hit the hobgoblin.
The hobgoblin is poisoned.
The hobgoblin is almost dead.
You kill the hobgoblin!
Things that are here:
a hobgoblin corpse; a hobgoblin corpse
i - a scroll labelled LAGOW ASHISOXT
Things that are here:
a hobgoblin corpse; a hobgoblin corpse Your +2 dagger of venom stops dripping with poison.
a - a +0 long sword (weapon)
There is an open door here.
There is an open door here.
j - a scroll labelled LONUMM XATILEEJ This is a scroll of acquirement!
Are you sure you want to abandon this character and quit the game? (Confirm with "yes".)

#.. #.# ##.## # ...
.# # #.##.#)#
#.....#####
#†...##...##
#.####.....#
#.#..#..@..#
#.'..'.....#
#########.#..#..(..#
..........####..:.!#
..###.)...# ##...##
..#.......# #####
....#.....#
..###.....#
.......####


There were no monsters in sight!

Vanquished Creatures
  An adder (D:2)
  A dart slug (D:1)
  2 bats
  2 endoplasms (D:1)
  A giant cockroach (D:1)
  3 goblins
  8 hobgoblins
  2 kobolds (D:1)
  3 ball pythons (D:2)
  2 frilled lizards (D:1)
  2 rats (D:2)
27 creatures vanquished.

Notes
Turn   | Place    | Note
-------+----------+-------------------------------------------
     0 | D:1      | babuloseo the Human Gladiator began the quest for the Orb.
     0 | D:1      | Reached XP level 1. HP: 16/16 MP: 1/1
   141 | D:1      | Reached XP level 2. HP: 16/22 MP: 2/2
   757 | D:2      | Found a stormy altar of Qazlal.
   764 | D:2      | Reached XP level 3. HP: 27/28 MP: 3/3
  1018 | D:2      | Identified a scroll of acquirement
  1018 | D:2      | Quit the game

Illustrated notes

Levels and vault maps discovered:
D:1:      lemuel_arrival_river_bridge, layout_rooms
D:2:      layout_loops_cross, basic_altar, serial_shops, shop,
          minmay_goblin_kobold_house, uniq_crazy_yiuf_cottage, uniq_robin

Action                   || total
-------------------------++-------
Melee: Long sword        ||    22
       Dagger            ||    47
Throw: Throwing net      ||     3
 Stab: Sleeping          ||     2
Armor: Leather armour    ||    19
       Ring mail         ||     8
Dodge: Dodged            ||    40
       Rpst.: Long sword ||     5
